 Dungeon Crawl Stone Soup version 0.32-a0-913-g739538afd8 (webtiles) character file.

Game seed: 16698623144917239553

4 Adrian566 the Ducker (level 1, -1/16 HPs)
             Began as a Demonspawn Gladiator on Apr 8, 2024.
             Slain by a jackal (3 damage)
             ... on level 1 of the Dungeon.
             The game lasted 00:00:05 (65 turns).

Adrian566 the Ducker (Demonspawn Gladiator)           Turns: 65, Time: 00:00:06

Health: -1/16      AC:  4    Str: 14    XL:     1   Next: 58%
Magic:  1/1        EV: 11    Int:  8    God:
Gold:   0          SH:  0    Dex: 14    Spells: 0/0 levels left

rFire   . . .        a - +0 long sword
rCold   . . .        (no shield)
rNeg    . . .        b - +0 leather armour
rPois   .            c - +0 helmet
rElec   .            (no cloak)
rCorr   .            (no gloves)
SInv    .            (no boots)
Will    .....        (no amulet)
Stlth   +            (no ring)
HPRegen 0.22/turn    (no ring)
MPRegen 0.07/turn

%: no passive effects
@: no status effects
A: no striking features
a: no special abilities


You were on level 1 of the Dungeon.
You visited 1 branch of the dungeon, and saw 1 of its levels.

Inventory:

Hand Weapons
 a - a +0 long sword (weapon)
Missiles
 d - 3 throwing nets (quivered)
 e - a javelin
Armour
 b - a +0 leather armour (worn)
 c - a +0 helmet (worn)
Scrolls
 f - a scroll of teleportation {unknown}


   Skills:
 + Level 2.0 Fighting
 + Level 2.8 Long Blades
 + Level 1.8 Throwing
 + Level 2.8 Dodging


You couldn't memorise any spells.
You didn't know any spells.
Your spell library was empty.

Dungeon Overview and Level Annotations

Branches:
Dungeon (1/15)

Altars:


Message History

You closely miss the quokka. The quokka barely misses you.
The jackal misses you. The quokka misses you.
The quokka bites you but does no damage.
You closely miss the quokka. The jackal bites you.
The quokka closely misses you.
The jackal bites you but does no damage.
The quokka barely misses you. x2
You slash the quokka!
You kill the quokka!
The jackal bites you but does no damage.
The quokka barely misses you. The jackal closely misses you. x2
The quokka barely misses you.
You hit the jackal.
The jackal is heavily wounded.
The jackal closely misses you. x2; The quokka barely misses you.
The jackal bites you. The jackal barely misses you.
You hit the jackal.
The jackal is severely wounded.
The jackal bites you but does no damage.
The quokka misses you.
The jackal bites you but does no damage.
The jackal barely misses you.
There are monsters nearby!
You closely miss the jackal.
The jackal is severely wounded.
The jackal misses you. The quokka misses you.
The jackal bites you but does no damage. x2
The quokka bites you.
You hit the jackal.
The jackal is almost dead.
The jackal barely misses you. The jackal completely misses you.
The quokka bites you. The jackal barely misses you. The jackal bites you.
* * * LOW HITPOINT WARNING * * *
The quokka bites you.
* * * LOW HITPOINT WARNING * * *
The jackal bites you but does no damage.
The jackal bites you.
* * * LOW HITPOINT WARNING * * *
The jackal attacks as it pursues you! The jackal bites you.
You die...

#..#####..# #..# .
... #.........# #..#
.####.#
#....[....###..#
#.....#
#.....†........#
#.....###
#..####....)...#
##...~P~P~ #..#
#..†.....###....~~~~P
#..#
#..####..#.h.r.g~~~~P
#..# #..#
#..##h##r.~P~~~ #..
#..# #...@.# ...~~~~
...# #..#### ....~P~
....# #..# ...~P~~
...b.. ....# ...~~~~
.....# ...~P~P
.......# ...~~P~
#####..# #..#


You could see a quokka and 2 jackals.

Vanquished Creatures
  A hobgoblin (D:1)
  A quokka (D:1)
  2 bats (D:1)
  A kobold (D:1)
5 creatures vanquished.

Notes
Turn   | Place    | Note
-------+----------+-------------------------------------------
     0 | D:1      | Adrian566 the Demonspawn Gladiator began the quest for the
                  | Orb.
     0 | D:1      | Reached XP level 1. HP: 16/16 MP: 1/1
    65 | D:1      | Slain by a jackal

Illustrated notes

Levels and vault maps discovered:
D:1:      dpeg_arrival_boxorama, layout_loops_ring, serial_bayou,
          serial_bayou_ford_a, serial_bayou_shore_a, serial_bayou_lake_a,
          serial_bayou_crossing, minmay_vboxes

Action                     || total
---------------------------++-------
  Melee: Long sword        ||    18
 Armour: Leather armour    ||    22
  Dodge: Dodged            ||    35

Table legend: (Time is in decaauts)
 A = Elapsed time spent in this place.
 B = Non-inter-level travel time spent in this place.
 C = Inter-level travel time spent in this place.
 D = Time resting spent in this place.
 E = Time spent auto-exploring this place.
 F = Levels seen in this place.
 G = Mean time per level.
                   A        B        C        D        E       F      G
               +--------+--------+--------+--------+--------+-----+--------+
         Total |     69 |     69 |      0 |      0 |     32 |   1 |   69.0 |
       Dungeon |     69 |     69 |      0 |      0 |     32 |   1 |   69.0 |
               +--------+--------+--------+--------+--------+-----+--------+

Top non-repeatable levels by time:
     D:1: 69 daAuts
